 Dungeon Crawl Stone Soup version 0.31-a0-217-g58bb5d79cf (webtiles) character file.

Game seed: 1613838521403647116

422 qw the Shooter (level 6, -1/55 HPs)
             Began as a Minotaur Hexslinger on July 2, 2023.
             Was an Initiate of Okawaru.
             Slain by an adder (3 damage)
             ... on level 4 of the Dungeon.
             The game lasted 00:01:12 (3610 turns).

qw the Shooter (Minotaur Hexslinger)                Turns: 3610, Time: 00:01:12

Health: -1/55      AC: 11    Str: 12 (13) XL:     6   Next: 63%
Magic:  6/6        EV: 10    Int:  8 (10) God:    Okawaru [......]
Gold:   266        SH:  0    Dex: 13 (14) Spells: 6/7 levels left

rFire   . . .        d - +0 shortbow
rCold   . . .        (shield currently unavailable)
rNeg    . . .        e - +0 ring mail
rPois   .            p - +2 hat {Will+}
rElec   .            i - +2 cloak
rCorr   .            (no gloves)
SInv    .            f - +0 pair of boots
Will    +....        (no amulet)
Stlth   +            (no ring)
HPRegen 0.29/turn    (no ring)
MPRegen 0.10/turn

%: no passive effects
@: no status effects
A: horns 2, retaliatory headbutt
a: Renounce Religion


You were on level 4 of the Dungeon.
You worshipped Okawaru.
Okawaru was noncommittal.
You visited 1 branch of the dungeon, and saw 5 of its levels.

You collected 266 gold pieces.


Innate Abilities, Weirdness & Mutations

You have a pair of horns on your head.
You reflexively headbutt those who attack you in melee.


   Skills:
 - Level 4.9 Fighting
 + Level 6.2 Ranged Weapons
 - Level 1.3 Armour
 - Level 2.1 Dodging
 - Level 1.0 Spellcasting
 - Level 2.0 Hexes


You had 6 spell levels left.
You knew the following spells:

 Your Spells              Type           Power      Damage    Failure   Level
a - Slow                  Hex            12%        N/A       36%         1

Your spell library contained the following spells:

 Spells                   Type           Power      Damage    Failure   Level
 Inner Flame              Hex/Fire       2%         N/A       86%         3
 Portal Projectile        Hex/Tloc       4%         N/A       86%         3
 Cause Fear               Hex            1%         N/A       98%         4

Inventory:

Hand Weapons
 d - a +0 shortbow (weapon)
Armour
 e - a +0 ring mail (worn)
 f - a +0 pair of boots (worn)
 i - a +2 cloak (worn)
 p - a +2 hat of willpower (worn)
Scrolls
 h - a scroll of identify
Potions
 a - a potion of enlightenment {unknown}
 b - a potion of lignification {unknown}
 g - a potion of invisibility {unknown}
 k - a potion of curing {unknown}
 o - a potion of heal wounds {unknown}

Dungeon Overview and Level Annotations

Branches:
Dungeon (5/15)
 Temple: D:4-7

Altars:
Ashenzari
Dithmenos
Okawaru
Qazlal


Message History

The adder bites you.
You are poisoned.
The adder poisons you! The jelly barely misses you.
The iguana barely misses you. The adder bites you.
You are more poisoned.
The adder poisons you!
You shoot an arrow. The arrow hits the jelly!
You kill the jelly!
Okawaru accepts your kill.
You feel very sick.
The iguana bites you but does no damage.
The adder closely misses you. The iguana bites you! The steam dragon bites you.
The steam dragon claws you but does no damage.
You feel your strength returning.
3605 ||| STAIRDANCE You feel sick.
The adder closely misses you. The adder barely misses you.
The steam dragon breathes steam at you. The ball of steam hits you!
The iguana closely misses you.
You climb upwards.
You feel sick.
There is a stone staircase leading down here.
You shoot an arrow.
The arrow hits the steam dragon but does no damage.
You feel sick. The adder bites you. The iguana barely misses you.
The steam dragon bites you. The steam dragon closely misses you.
You shoot an arrow. The arrow hits the steam dragon.
The steam dragon is moderately wounded.
You feel sick. The adder barely misses you. The iguana bites you!
The steam dragon closely misses you.
The steam dragon claws you but does no damage.
The adder bites you but does no damage.
You shoot an arrow. The arrow hits the steam dragon.
The steam dragon is moderately wounded.
You feel sick. The adder bites you but does no damage. The iguana bites you.
The steam dragon bites you. The steam dragon closely misses you.
You shoot an arrow.
The arrow closely misses the steam dragon.
You feel sick.
You are no longer poisoned.
The adder bites you.
You die...

#.## ###...#######.######### #..#
sf##....###########.#### ##.#.Y.
##...#.......#....... #.#$.
#...#.......#....... #.###
#...#.......#....... #.#
##'##.......#....... #.###
#.##'#######...####
#...######....##...#########
######.........S@%.#....#......)#
#....##........D.l.#....#.......'
...................'....#.......#
...........<.......#....+.......#
#################..###..######.##
###..##.).##...#######..##..##.##
......#....#....'.........>......
......#....#...)#................
......#....#....#...##..##..#####


You could see a steam dragon, an iguana and an adder.

Vanquished Creatures
  An ogre (D:4)
  A jelly (D:5)
  3 sleepcaps (D:3)
  An orc wizard (D:4)
  A gnoll (D:1)
  11 adders
  2 ufetubi (D:4)
  2 worms (D:2)
  A dart slug (D:1)
  4 orcs
  3 endoplasms
  6 goblins
  12 hobgoblins
  2 jackals (D:2)
  8 kobolds
  A quokka (D:3)
  13 ball pythons
  3 bats
  3 frilled lizards (D:2)
  2 rats
80 creatures vanquished.

Notes
Turn   | Place    | Note
-------+----------+-------------------------------------------
     0 | D:1      | qw the Minotaur Hexslinger began the quest for the Orb.
     0 | D:1      | Reached XP level 1. HP: 16/16 MP: 1/1
     0 | D:1      | 0 ||| qw: Version: 0.3-a-40-ge99b1a8
     0 | D:1      | 0 ||| qw: Game counter: 140
     0 | D:1      | 0 ||| qw: Melee chars always use a shield: true
     0 | D:1      | 0 ||| qw: God list: Okawaru
     0 | D:1      | 0 ||| qw: Allow faded altars: false
     0 | D:1      | 0 ||| qw: Do Orc after clearing Dungeon:15 true
     0 | D:1      | 0 ||| qw: Do second Lair branch before Depths: true
     0 | D:1      | 0 ||| qw: Lair rune preference: random
     0 | D:1      | 0 ||| qw: Goals: Normal
     0 | D:1      | 0 ||| PLANNING D:1-11
    97 | D:1      | Reached skill level 3 in Ranged Weapons
    97 | D:1      | Reached XP level 2. HP: 15/23 MP: 2/2
   272 | D:1      | Found a faded altar of an unknown god.
   692 | D:1      | 692 ||| UPGRADING to +0 ring mail.
   702 | D:1      | 702 ||| DROPPING +0 robe.
   703 | D:1      | 703 ||| UPGRADING to +1 cloak.
   708 | D:1      | 708 ||| READING scroll labelled BIHEUBEWNI.
   709 | D:1      | 709 ||| READING scroll labelled GOSYOV DYNOYCU.
   710 | D:1      | 710 ||| READING scroll labelled FOHARGHO LARR.
   711 | D:1      | 711 ||| DROPPING scroll of poison.
   802 | D:2      | Reached XP level 3. HP: 29/29 MP: 3/3
   922 | D:2      | 922 ||| READING scroll of brand weapon.
   922 | D:2      | 922 ||| BRANDING +1 sling of freezing.
   966 | D:2      | Reached skill level 4 in Ranged Weapons
  1147 | D:2      | Reached skill level 1 in Armour
  1161 | D:2      | Reached XP level 4. HP: 20/36 MP: 4/4
  1370 | D:2      | 1370 ||| READING scroll of enchant armour.
  1370 | D:2      | 1370 ||| ENCHANTING +1 cloak.
  1602 | D:2      | 1602 ||| UPGRADING to +0 pair of boots.
  1607 | D:2      | 1607 ||| DROPPING ring of magical power.
  1608 | D:2      | 1608 ||| READING scroll labelled ENOETUWKOI.
  1609 | D:2      | 1609 ||| DRINKING 2 murky ruby potions.
  1610 | D:2      | 1610 ||| DROPPING potion of attraction.
  1702 | D:3      | Reached skill level 5 in Ranged Weapons
  1706 | D:3      | Reached XP level 5. HP: 23/42 MP: 5/5
  1715 | D:3      | HP: 1/42 [sleepcap (11)]
  1717 | D:3      | Reached skill level 3 in Fighting
  2003 | D:3      | Found a stormy altar of Qazlal.
  2059 | D:3      | Found a broken altar of Ashenzari.
  2455 | D:3      | Found a shadowy altar of Dithmenos.
  2456 | D:3      | 2456 ||| UPGRADING to +2 hat of willpower.
  2461 | D:3      | 2461 ||| READING scroll labelled GOSOHO ZOIMAIRR.
  2462 | D:3      | 2462 ||| READING scroll labelled TOTSAS RIADYNK.
  2463 | D:3      | 2463 ||| READING scroll labelled POMADA NUH GAK.
  2467 | D:3      | 2467 ||| READING scroll labelled POEDUNUCE ACAMA.
  2468 | D:3      | 2468 ||| DRINKING 2 fizzy ruby potions.
  2477 | D:3      | 2477 ||| DRINKING 2 fizzy grey potions.
  2478 | D:3      | 2478 ||| DRINKING 3 smoky orange potions.
  2583 | D:3      | 2583 ||| DROPPING potion of ambrosia.
  2584 | D:3      | 2584 ||| DROPPING potion of degeneration.
  2585 | D:3      | 2585 ||| DROPPING 2 potions of berserk rage.
  2696 | D:4      | Noticed a yak
  2867 | D:4      | 2867 ||| SWAPPING to +0 shortbow.
  2868 | D:4      | 2868 ||| DROPPING +1 heavy sling.
  2968 | D:4      | Reached skill level 6 in Ranged Weapons
  2998 | D:4      | Reached XP level 6. HP: 51/51 MP: 6/6
  3024 | D:4      | Found an iron altar of Okawaru.
  3025 | D:4      | 3025 ||| PLANNING OKAWARU WORSHIP
  3030 | D:4      | Became a worshipper of Warmaster Okawaru
  3031 | D:4      | 3031 ||| PLANNING D:1-11
  3383 | D:5      | Entered Level 5 of the Dungeon
  3387 | D:5      | Noticed a steam dragon
  3388 | D:5      | 3388 ||| STAIRDANCE
  3518 | D:5      | 3518 ||| STAIRDANCE
  3605 | D:5      | 3605 ||| STAIRDANCE
  3608 | D:4      | HP: 10/55 [iguana (10)]
  3609 | D:4      | HP: 3/55 [steam dragon (3)]
  3610 | D:4      | Slain by an adder

Levels and vault maps discovered:
D:1:      giann_bridges, layout_loops_ring, shapermc_ecumenical_altar_gd,
          amcnicky_mini_rare_corridor_liquid
D:2:      layout_basic
D:3:      layout_loops_ring, nicolae_qazlal_eye_of_the_storm,
          mainiacjoe_overflow_swirl, hellmonk_no_cap
D:4:      cheibrodos_greedy_goblins, layout_gridville, lemuel_doored_altar,
          lightli_corner_chamber
D:5:      layout_rooms, worldfamousw_hep_ancestral_shrine,
          nicolae_shop_firing_range

Skill      XL: |  1  2  3  4  5  6 |
---------------+-------------------+-----
Ranged Weapons | 3 4 5 6 |  6.2
Fighting       | 2 3 4 |  4.9
Armour         | 1 |  1.3
Dodging        | |  2.1
Spellcasting   | |  1.0
Hexes          | |  2.0

Action                     |  1- 3 |  4- 6 || total
---------------------------+-------+-------++-------
   Fire: Sling             |    72 |    83 ||   155
         Shortbow          |       |    77 ||    77
    Use: Scroll            |     4 |     6 ||    10
         Potion            |       |     4 ||     4
 Armour: Robe              |     1 |       ||     1
         Ring mail         |    12 |    67 ||    79
  Dodge: Dodged            |    18 |    88 ||   106

Table legend:
 A = Non-vault XP
 B = Vault XP
 C = Vault XP percentage of total XP
 D = Non-vault monster count
 E = Vault monster count
 F = Vault count percentage of total count
                 A         B        C        D         E       F
            +---------+---------+-------+---------+---------+-------
      Total |     468 |     135 |  22.4 |      66 |      14 |  17.5
            +---------+---------+-------+---------+---------+-------
        D:1 |      37 |       0 |   0.0 |      14 |       0 |   0.0
        D:2 |      87 |       0 |   0.0 |      21 |       0 |   0.0
        D:3 |      57 |     113 |  66.5 |      14 |       3 |  17.6
        D:4 |     244 |      22 |   8.3 |      16 |      11 |  40.7
        D:5 |      43 |       0 |   0.0 |       1 |       0 |   0.0
            +---------+---------+-------+---------+---------+-------
